 Dungeon Crawl Stone Soup version 0.27.1-2-g3b301248ec (webtiles) character file.

Game seed: 8165137655479590829

11 barney the Stinger (level 2, -1/20 HPs)
             Began as a Demonspawn Venom Mage on Sept 26, 2021.
             Slain by a hobgoblin (5 damage)
             ... on level 1 of the Dungeon.
             The game lasted 00:01:39 (924 turns).

barney the Stinger (Demonspawn Venom Mage)           Turns: 924, Time: 00:01:40

Health: -1/20      AC:  2    Str:  8    XL:     2   Next: 17%
Magic:  1/5        EV: 12    Int: 16    God:
Gold:   20         SH:  0    Dex: 13    Spells: 4/5 levels left

rFire    . . .     SeeInvis .   (no weapon)
rCold    . . .     Faith    .   (no shield)
rNeg     . . .     Spirit   .   a - +0 robe
rPois    .         Reflect  .   (no helmet)
rElec    .         Harm     .   (no cloak)
rCorr    .         Rampage  .   (no gloves)
Will     .....                  (no boots)
Stlth    ++........             (no amulet)
HPRegen  0.06/turn              (no ring)
MPRegen  0.09/turn              (no ring)

@: no status effects
A: talons 1
a: no special abilities


You were on level 1 of the Dungeon.
You visited 1 branch of the dungeon, and saw 1 of its levels.

You collected 20 gold pieces.

Inventory:

Armour
 a - a +0 robe (worn)


   Skills:
 + Level 0.4 Fighting
 - Level 1.7 Dodging
 - Level 1.7 Stealth
 + Level 0.4 Unarmed Combat
 + Level 2.1 Spellcasting
 + Level 1.1 Transmutations
 * Level 3.2 Poison Magic


You had 4 spell levels left.
You knew the following spells:

 Your Spells              Type           Power      Damage    Failure   Level
a - Sting                 Tmut/Pois      32%        1d4       9%          1

Your spell library contained the following spells:

 Spells                   Type           Power      Damage    Failure   Level
 Poisonous Vapours        Pois/Air       12%        N/A       16%         2
 Mephitic Cloud           Conj/Pois/Air  5%         N/A       36%         3
 Olgreb's Toxic Radiance  Pois           12%        N/A       47%         4


Dungeon Overview and Level Annotations

Branches:
Dungeon (1/15)

Altars:


Innate Abilities, Weirdness & Mutations

You have sharp toenails.


Message History

Casting: Sting (safe; 9% risk of failure)
Confirm with . or Enter, or press ? or * to list all spells.
Aiming: Sting (safe; 9% risk of failure)
Press: ? - help, Shift-Dir - straight line, f/p - endoplasm
Aim: an endoplasm (almost dead, 97% to hit)
The sting hits the endoplasm.
The endoplasm is poisoned.
You kill the endoplasm!
You hit the goblin. You claw the goblin.
The goblin is almost dead.
The goblin completely misses you.
You hit the goblin.
You kill the goblin!
You hit the hobgoblin.
The hobgoblin is moderately wounded.
The hobgoblin hits you.
You hit the hobgoblin but do no damage.
The hobgoblin is moderately wounded.
The hobgoblin hits you.
* * * LOW HITPOINT WARNING * * *
You barely miss the hobgoblin. Your kick misses the hobgoblin.
The hobgoblin is moderately wounded.
The hobgoblin barely misses you.
You closely miss the hobgoblin. Your kick misses the hobgoblin.
The hobgoblin is moderately wounded.
The hobgoblin closely misses you.
You aren't carrying any potions.
Unknown command.
You closely miss the hobgoblin. Your kick misses the hobgoblin.
The hobgoblin is moderately wounded.
The hobgoblin closely misses you.
You hit the hobgoblin but do no damage. Your kick misses the hobgoblin.
The hobgoblin is moderately wounded.
The hobgoblin closely misses you.
You barely miss the hobgoblin.
The hobgoblin is moderately wounded.
The hobgoblin barely misses you.
You hit the hobgoblin but do no damage. Your kick misses the hobgoblin.
The hobgoblin is moderately wounded.
The hobgoblin hits you.
You die...

#############
........##
#...........#
..........
#.#########.#
.........
#.#.......#.#
..≈≈.....
#.#.####....#
#..≈.....
#.#.......###
#g....... ..#.......#
#.#
###.####..#########.#
# #.............@gw.#
###################
#####################
...#...##.##...#..#.#
#....#...#..##..##..#
##..#..#..#.#..#..###
....##..#..##.####..#
.#..#...#..#.#...##.#
..##..#.#.#..###.#.##


You could see a dart slug and a hobgoblin.

Vanquished Creatures
  3 endoplasms (D:1)
  2 giant cockroaches (D:1)
  A goblin (D:1)
  2 hobgoblins (D:1)
  A frilled lizard (D:1)
9 creatures vanquished.

Notes
Turn   | Place    | Note
-------+----------+-------------------------------------------
     0 | D:1      | barney the Demonspawn Venom Mage began the quest for the
                  | Orb.
     0 | D:1      | Reached XP level 1. HP: 13/13 MP: 3/3
   371 | D:1      | Reached skill level 1 in Transmutations
   904 | D:1      | Gained mutation: You have sharp toenails. [demonic
                  | ancestry]
   904 | D:1      | Reached XP level 2. HP: 20/20 MP: 1/5
   924 | D:1      | Slain by a hobgoblin

Illustrated notes

Levels and vault maps discovered:
D:1:      erik_arrival_cave_to_civilisation [erik_arrival_cave_to_temple],
          layout_basic, kennysheep_decorative_pillar, minmay_misc_feat_pillars,
          minmay_pentomino_q2

Skill      XL: |  1 |
---------------+----+-----
Transmutations | 1 |  1.1
Fighting       | |  0.4
Dodging        | |  1.7
Stealth        | |  1.7
Unarmed Combat | |  0.4
Spellcasting   | |  2.1
Poison Magic   | |  3.2

Action                   || total
-------------------------++-------
Melee: Unarmed           ||    51
       Kick              ||     2
 Cast: Sting             ||    11
  Use: Potion            ||     1
Armor: Robe              ||    10
Dodge: Dodged            ||    40
